 Dungeon Crawl Stone Soup version 0.28-a0-983-g1de4e0787c (webtiles) character file.

Game seed: 11594748819079963378

430 Zonian the Ducker (level 6, -3/48 HPs)
             Began as a Demonspawn Gladiator on Dec 3, 2021.
             Slain by a wyvern zombie (6 damage)
             ... on level 4 of the Dungeon.
             The game lasted 00:06:39 (4486 turns).

Zonian the Ducker (Demonspawn Gladiator)            Turns: 4486, Time: 00:06:40

Health: -3/48      AC:  3    Str: 14    XL:     6   Next: 66%
Magic:  6/6        EV: 13    Int: 10    God:
Gold:   143        SH:  0    Dex: 16    Spells: 5/5 levels left

rFire   + . .      SeeInvis .   i - +1 dagger (venom)
rCold   . . .      Faith    .   (no shield)
rNeg    . . .      Spirit   .   b - +0 leather armour
rPois   .          Reflect  .   (helmet restricted)
rElec   .          Harm     .   (no cloak)
rCorr   .          Rampage  .   (no gloves)
Will    .....                   (no boots)
Stlth   ++........              (no amulet)
HPRegen 0.16/turn               h - ring of protection from fire
MPRegen 0.10/turn               (no ring)

@: no status effects
A: antennae 1, claws 1, powered by death 1, weakness stinger 1
a: no special abilities


You were on level 4 of the Dungeon.
You visited 1 branch of the dungeon, and saw 4 of its levels.

You collected 143 gold pieces.

Inventory:

Hand Weapons
 a - a +0 rapier
 i - a +1 dagger of venom (weapon)
 j - a +0 flail
Missiles
 d - a throwing net (quivered)
Armour
 b - a +0 leather armour (worn)
 c - a +0 helmet
 m - a +2 scale mail of poison resistance
Jewellery
 h - a ring of protection from fire (left claw)
 l - an amulet of faith
Scrolls
 f - a scroll of teleportation
 g - 3 scrolls of identify
Potions
 e - 2 potions of cancellation
 k - a potion of curing


   Skills:
 + Level 3.8 Fighting
 + Level 4.2 Short Blades
 - Level 1.9 Throwing
 - Level 0.1 Armour
 + Level 4.2 Dodging
 + Level 2.9 Stealth


You had 5 spell levels left.
You didn't know any spells.
Your spell library was empty.

Dungeon Overview and Level Annotations

Branches:
Dungeon (4/15)
 Temple: D:4-7

Altars:
Vehumet
Xom

Annotations:
D:3 exclusion: statue


Innate Abilities, Weirdness & Mutations

You have a pair of small antennae on your head.
You have sharp fingernails.
You regenerate a little health from kills.
You have a small tail.


Message History

You miss the phantom.
The phantom is almost destroyed.
The phantom hits you but does no damage.
You hit the phantom. You tail-slap the phantom.
You destroy the phantom!
Unknown command.
You hear the hiss of a very distant avalanche of sand.
A white imp comes into view.
The white imp shouts!
The white imp gestures at you. The puff of frost hits you.
* * * LOW HITPOINT WARNING * * *
You barely miss the white imp. You tail-slap the white imp.
The white imp is moderately wounded.
The white imp barely misses you.
You hit the white imp but do no damage.
The white imp is poisoned.
The white imp is moderately wounded.
You hit the white imp.
The white imp looks as sick as possible!
The white imp is moderately wounded.
The white imp gestures at you. The puff of frost hits you!
* * * LOW HITPOINT WARNING * * *
You hit the white imp.
You kill the white imp!
Found a stone staircase leading down.
There is a stone staircase leading down here.
There is a stone staircase leading up here.
Found a stone staircase leading down.
Found 15 gold pieces.
A wyvern zombie comes into view.
You hear the brisk hiss of a distant avalanche of sand.
You hit the wyvern zombie.
The wyvern zombie is lightly damaged.
The wyvern zombie bites you!
* * * LOW HITPOINT WARNING * * *
You hit the wyvern zombie. You tail-slap the wyvern zombie.
The wyvern zombie is moderately damaged.
The wyvern zombie bites you.
You die...

###.# ######.## #.#.#
#.# ####.#######.#.#
#.# ###....^..........
#.###...)..########..#
#.##).......#######..#
#..)...........ยง.....#
####........#######.##
.######.........# #.##
......Z@........# #...
.######.....##..# #..#
## ##.#.###..#####..#
##8## #.#.............#
8$..8##.##........###.#
.....##....##..##.###.#
.....>#.##............#
.....##.##.##..##.#####
8...8##........##.#


You could see a wyvern zombie.

Vanquished Creatures
  An ogre (D:3)
  A centaur (D:3)
  A phantom (D:4)
  2 orc priests
  Terence (D:3)
  3 adders
  A white imp (D:4)
  A worm (D:2)
  11 orcs
  5 ball pythons
  8 endoplasms
  2 giant cockroaches
  7 hobgoblins
  8 jackals
  4 kobolds
  A quokka (D:2)
  5 bats
  2 frilled lizards
  3 goblins
  A rat (D:3)
68 creatures vanquished.

Vanquished Creatures (others)
  5 fungi (D:3)
  11 plants (D:3)
16 creatures vanquished.

Grand Total: 84 creatures vanquished

Notes
Turn   | Place    | Note
-------+----------+-------------------------------------------
     0 | D:1      | Zonian the Demonspawn Gladiator began the quest for the
                  | Orb.
     0 | D:1      | Reached XP level 1. HP: 16/16 MP: 1/1
   658 | D:1      | Discovered your monstrous ancestry.
   658 | D:1      | Gained mutation: You have a pair of small antennae on your
                  | head. [demonic ancestry]
   658 | D:1      | Reached XP level 2. HP: 20/22 MP: 2/2
  1404 | D:2      | Reached XP level 3. HP: 26/28 MP: 3/3
  1461 | D:2      | Found a shimmering altar of Xom.
  2392 | D:3      | Reached skill level 1 in Stealth
  2774 | D:3      | Found a faded altar of an unknown god.
  2834 | D:3      | Gained mutation: You regenerate a little health from kills.
                  | [demonic ancestry]
  2834 | D:3      | Reached XP level 4. HP: 31/34 MP: 4/4
  2837 | D:3      | Noticed an ogre
  2859 | D:3      | Killed an ogre
  2860 | D:3      | Gained mutation: You have a small tail. [demonic ancestry]
  2860 | D:3      | Reached XP level 5. HP: 35/41 MP: 5/5
  2987 | D:3      | Noticed Terence
  3221 | D:3      | Killed Terence
  3512 | D:3      | Noticed a centaur
  3738 | D:3      | Found a radiant altar of Vehumet.
  3738 | D:3      | Noticed a charred statue
  3773 | D:3      | Killed a centaur
  3774 | D:3      | Gained mutation: You have sharp fingernails. [demonic
                  | ancestry]
  3774 | D:3      | Reached XP level 6. HP: 16/47 MP: 6/6
  4486 | D:4      | Slain by a wyvern zombie

Illustrated notes

Levels and vault maps discovered:
D:1:      minmay_arrival_up_and_down, layout_basic
D:2:      layout_loops_corners, basic_altar
D:3:      layout_rooms, vehumet_statue,
          shapermc_ecumenical_altar_mp_ritualfount, uniq_terence
D:4:      layout_loops_ring, nicolae_overflow_hidden_temple,
          nicolae_ossuary_entry_ruins, hangedman_decor_peaks_small

Skill      XL: |  1  2  3  4  5 |
---------------+----------------+-----
Dodging        | 3 4 |  4.2
Short Blades   | 3 4 |  4.2
Stealth        | 1 2 |  2.9
Fighting       | 3 |  3.8
Throwing       | |  1.9
Armour         | |  0.1

Action                   |  1- 3 |  4- 6 || total
-------------------------+-------+-------++-------
Melee: Rapier            |    44 |       ||    44
       Dagger            |    74 |   130 ||   204
       Tailslap          |       |    28 ||    28
Throw: Throwing net      |     3 |     3 ||     6
  Use: Scroll            |     4 |       ||     4
       Potion            |       |     1 ||     1
 Stab: Held in net/web   |     1 |     1 ||     2
       Sleeping          |     1 |     2 ||     3
Armor: Leather armour    |    28 |    13 ||    41
Dodge: Dodged            |    80 |    63 ||   143

Table legend: (Time is in decaauts)
 A = Elapsed time spent in this place.
 B = Non-inter-level travel time spent in this place.
 C = Inter-level travel time spent in this place.
 D = Time resting spent in this place.
 E = Time spent auto-exploring this place.
 F = Levels seen in this place.
 G = Mean time per level.
                   A        B        C        D        E       F      G
               +--------+--------+--------+--------+--------+-----+--------+
         Total |   4449 |   4370 |     79 |   1499 |   2038 |   4 | 1112.2 |
       Dungeon |   4449 |   4370 |     79 |   1499 |   2038 |   4 | 1112.2 |
               +--------+--------+--------+--------+--------+-----+--------+

Top non-repeatable levels by time:
     D:3: 1847 daAuts
     D:2: 1373 daAuts
     D:1: 972 daAuts
     D:4: 255 daAuts
